 Dungeon Crawl Stone Soup version 0.28.0 (webtiles) character file.

Game seed: 8984853126022036411

504 hito the Skirmisher (level 6, 0/51 HPs)
             Began as a Mummy Delver on Feb 14, 2022.
             Was an Initiate of Gozag.
             Slain by a water moccasin zombie (2 damage)
             ... on level 5 of the Dungeon.
             The game lasted 00:13:01 (3990 turns).

hito the Skirmisher (Mummy Delver)                  Turns: 3990, Time: 00:13:02

Health: 0/51       AC:  5    Str: 16    XL:     6   Next: 96%
Magic:  6/6        EV: 11    Int: 11    God:    Gozag
Gold:   293        SH:  0    Dex: 13    Spells: 5/5 levels left

rFire   . . .      SeeInvis .   a - +2 flail (vorpal)
rCold   + . .      Faith    .   (no shield)
rNeg    + + +      Spirit   .   k - +0 leather armour
rPois   ∞          Reflect  .   (no helmet)
rElec   .          Harm     .   (no cloak)
rCorr   .          Rampage  .   g - +0 pair of gloves "Izair" {rC+ Regen+}
Will    .....                   n - +0 pair of boots
Stlth   ++........              (no amulet)
HPRegen 0.97/turn               o - ring of fire
MPRegen 0.10/turn               (no ring)

@: no status effects
A: cold resistance 1, negative energy resistance 3, torment resistance 2, heat
vulnerability 1, no potions
a: Renounce Religion, Potion Petition, Call Merchant, Bribe Branch


You were on level 5 of the Dungeon.
You worshipped Gozag.
Gozag was aware of your devotion.
You visited 2 branches of the dungeon, and saw 6 of its levels.

You collected 717 gold pieces.
You paid 424 gold pieces to Gozag.

Inventory:

Hand Weapons
 a - a +2 vorpal flail (weapon)
 b - a +3 hunting sling of freezing
 l - a +2 dagger of venom
Missiles
 j - 38 sling bullets
 r - a throwing net
 s - 49 stones (quivered)
Armour
 g - the +0 pair of gloves "Izair" (worn) {rC+ Regen+}
   (You found it on level 5 of the Dungeon)

   rC:        It protects you from cold.
   Regen:     It increases your rate of health regeneration.
 k - a +0 leather armour (worn)
 n - a +0 pair of boots (worn)
 q - a +0 buckler
Jewellery
 o - a ring of fire (left hand)
Wands
 f - a wand of digging (2)
Scrolls
 c - a scroll of fog
 d - 3 scrolls of magic mapping
 i - 2 scrolls of immolation
 m - a scroll of summoning
 p - a scroll of teleportation
 t - 2 scrolls of noise
 u - a scroll of identify


   Skills:
 - Level 5.0 Fighting
 - Level 1.5 Long Blades
 - Level 4.0 Maces & Flails
 + Level 2.6 Slings
 - Level 1.5 Dodging
 - Level 4.1 Stealth


You had 5 spell levels left.
You didn't know any spells.
Your spell library contained the following spells:

 Spells                   Type           Power      Damage    Failure   Level
 Corpse Rot               Necr/Air       0%         N/A       54%         2
 Poisonous Vapours        Pois/Air       0%         N/A       54%         2
 Conjure Flame            Conj/Fire      0%         6-21      78%         3
 Ignite Poison            Fire/Tmut/Pois 0%         N/A       78%         3
 Sticky Flame             Conj/Fire      0%         2d3       99%         4
 Fireball                 Conj/Fire      0%         3d3       100%        5
 Iskenderun's Battlesphe  Conj           0%         2d6       100%        5
 Conjure Ball Lightning   Conj/Air       0%         3x3d6     100%        6
 Orb of Destruction       Conj           0%         9d5       100%        7


Dungeon Overview and Level Annotations

Branches:
Dungeon (5/15)             Temple (1/1) D:4

Altars:
Ashenzari
Cheibriados
Elyvilon
Fedhas
Gozag
Hepliaklqana
Kikubaaqudgha
Makhleb
Nemelex Xobeh
Okawaru
Qazlal
Ru
Sif Muna
Trog
Uskayaw
Vehumet
Wu Jian
Xom
The Shining One
Lugonu

Shops:
D:1 (

Portals:
Abyss: D:4

Annotations:
D:4 2 runed translucent doors


Innate Abilities, Weirdness & Mutations

You are immune to poison.
Your flesh is cold resistant. (rC+)
You are immune to negative energy. (rN+++)
You are immune to unholy pain and torment.
You are vulnerable to heat. (rF-)
You do not drink.


Message History

The scorpion is severely wounded.
Your resistance to elements expires.
The scorpion stings you! The water moccasin zombie bites you.
You closely miss the scorpion.
The scorpion is severely wounded.
The scorpion stings you. The water moccasin zombie misses you.
The scorpion stings you!
* * * LOW HITPOINT WARNING * * *
You hit the scorpion.
The scorpion is severely wounded.
The water moccasin zombie bites you.
* * * LOW HITPOINT WARNING * * *
The scorpion completely misses you. The water moccasin zombie bites you.
* * * LOW HITPOINT WARNING * * *
Unknown command.
Okay, then.
You barely miss the scorpion.
The scorpion is severely wounded.
The scorpion stings you but does no damage.
The water moccasin zombie closely misses you.
The scorpion closely misses you.
You can't drink.
Unknown command.
As you read the scroll of fear, it crumbles to dust.
You assume a fearsome visage.
The water moccasin zombie is unaffected.
The scorpion looks frightened!
The water moccasin zombie bites you but does no damage.
You barely miss the water moccasin zombie.
The water moccasin zombie bites you.
* * * LOW HITPOINT WARNING * * *
The water moccasin zombie bites you but does no damage.
You closely miss the water moccasin zombie.
The water moccasin zombie bites you.
* * * LOW HITPOINT WARNING * * *
You can't drink.
You closely miss the water moccasin zombie.
The water moccasin zombie bites you.
You die...
Your body crumbles into a pile of gold.

......... . .(......# ...
(..s...# ..... ......## .
#....##......# .# $
......#.....# ..#
..............##....
..........@......#
...........Z...##.
............!.##
.......##..#........
......##..###...##..
.........## #..##. ...
........## ##..... ...
.......#.###......... ...
..##...#...................


You could see a scorpion (fleeing) and a water moccasin zombie.

Vanquished Creatures
  Edmund (D:5)
  A sky beast (D:4)
  A scorpion (D:5)
  A bullfrog (D:4)
  A bullfrog zombie (D:5)
  5 adders
  A white imp (D:3)
  An adder skeleton (D:4)
  4 worms
  A dart slug (D:4)
  7 orcs
  3 ball pythons
  6 bats
  3 endoplasms
  2 giant cockroaches (D:1)
  5 goblins
  7 hobgoblins
  7 jackals (D:1)
  8 kobolds
  3 quokkas
  2 frilled lizards
  7 rats (D:1)
77 creatures vanquished.

Notes
Turn   | Place    | Note
-------+----------+-------------------------------------------
     0 | D:5      | hito the Mummy Delver began the quest for the Orb.
     0 | D:5      | Reached XP level 1. HP: 18/18 MP: 1/1
     9 | D:5      | Noticed a scorpion
    17 | D:5      | Identified the +0 pair of gloves "Izair" {rC+ Regen+}
   122 | D:4      | Reached XP level 2. HP: 24/24 MP: 2/2
   205 | D:4      | Found a staircase to the Ecumenical Temple.
   222 | Temple   | Entered the Ecumenical Temple
   410 | Temple   | Became a worshipper of Gozag Ym Sagoz the Greedy
   465 | D:4      | Noticed a sky beast
   511 | D:4      | Killed a sky beast
   512 | D:4      | Reached skill level 4 in Fighting
   512 | D:4      | Reached skill level 1 in Maces & Flails
   512 | D:4      | Reached XP level 3. HP: 20/31 MP: 3/3
   512 | D:4      | Reached XP level 4. HP: 25/38 MP: 4/4
  1083 | D:2      | Reached XP level 5. HP: 43/43 MP: 5/5
  1240 | D:1      | Found Benisot's Weapon Shop.
  1667 | D:1      | Reached skill level 5 in Fighting
  1745 | D:1      | Found a faded altar of an unknown god.
  3051 | D:4      | Identified a scroll of acquirement
  3075 | D:3      | Acquired a +2 hunting sling of freezing
  3170 | D:4      | Reached XP level 6. HP: 51/51 MP: 6/6
  3177 | D:4      | Found a one-way gate to the infinite horrors of the Abyss.
  3419 | D:4      | Found a large runed translucent door.
  3419 | D:4      | Found a large runed translucent door.
  3424 | D:4      | Found a corrupted altar of Lugonu.
  3796 | D:5      | Reached skill level 1 in Slings
  3825 | D:5      | Found a blossoming altar of Fedhas.
  3825 | D:5      | Found a bloodstained altar of Trog.
  3895 | D:5      | Noticed Edmund
  3914 | D:5      | Killed Edmund
  3989 | D:5      | HP: 1/51 [water moccasin zombie (4)]
  3990 | D:5      | Slain by a water moccasin zombie

Illustrated notes

Levels and vault maps discovered:
D:1:      dpeg_arrival_ratfight, layout_loops_cross,
          hellmonk_ecumenical_altar_leap_of_faith, serial_shops, shop,
          minmay_hedge_maze, roderic_roman_lattice
D:2:      layout_rooms
D:3:      layout_loops_corners, nicolae_elyvilon_temple_path,
          due_unseen_surprise
D:4:      due_chaos_kobolds, layout_loops_ring, minmay_temple_entry_offerings,
          chequers_serial_rivers_micro_e
D:5:      layout_cave_pools, gammafunk_temple_overflow_elements,
          mainiacjoe_overflow_surrounded_room, amethyst_overflow_temple_binary,
          uniq_pikel, uniq_edmund
Temple:   eino_temple_scatter_basement

Skill      XL: |  1  2  3  4  5  6 |
---------------+-------------------+-----
Fighting       | 4 5 |  5.0
Maces & Flails | 1 2 3 4 |  4.0
Slings         | 2 |  2.6
Long Blades    | |  1.5
Dodging        | |  1.5
Stealth        | |  4.1

Action                   |  1- 3 |  4- 6 || total
-------------------------+-------+-------++-------
Melee: Falchion          |    23 |       ||    23
       Flail             |    12 |   195 ||   207
       Punch             |     1 |     3 ||     4
 Fire: Hunting sling     |       |    22 ||    22
Throw: Stone             |       |     8 ||     8
Invok: Potion Petition   |       |     1 ||     1
Evoke: Wand              |       |     1 ||     1
  Use: Scroll            |       |     9 ||     9
 Stab: Sleeping          |       |    14 ||    14
Armor: Leather armour    |    11 |    53 ||    64
Dodge: Dodged            |    17 |   141 ||   158
